 Dungeon Crawl Stone Soup version 0.29.1-15-g9cfb28693d (webtiles) character file.

Game seed: 12071379788739713967

58 growler the Magician (level 4, -1/31 HPs)
             Began as a Djinni Fire Elementalist on Mar 14, 2023.
             Slain by an orc
             ... wielding a +0 flail
              (2 damage)
             ... on level 2 of the Dungeon.
             The game lasted 00:04:07 (2251 turns).

growler the Magician (Djinni Fire Elementalist)     Turns: 2251, Time: 00:04:09

Health: -1/31      AC:  2    Str:  7    XL:     4   Next: 21%
Gold:   59         EV: 12    Int: 19    God:
                   SH:  0    Dex: 13

rFire   + + .      SeeInvis .   h - +0 rapier
rCold   x . .      Faith    .   (no shield)
rNeg    . . .      Spirit   .   a - +0 robe
rPois   ∞          Reflect  .   (no helmet)
rElec   .          Harm     .   (no cloak)
rCorr   .          Rampage  .   (no gloves)
Will    .....                   (boots unavailable)
Stlth   ++........              (no amulet)
HPRegen 0.10/turn               (no ring)
MPRegen 0.00/turn               (no ring)

@: about to teleport, flying, very slightly contaminated
A: sickness immunity, fire resistance 2, cold vulnerability 1, float, innate
caster, HP casting, extra vitality 1
a: no special abilities


You were on level 2 of the Dungeon.
You visited 1 branch of the dungeon, and saw 3 of its levels.

You collected 59 gold pieces.

Inventory:

Hand Weapons
 h - a +0 rapier (weapon)
Armour
 a - a +0 robe (worn)
Scrolls
 c - a scroll of enchant armour {unknown}
 d - 2 scrolls of identify {unknown}
 f - 2 scrolls of teleportation
 i - a scroll of fear {unknown}
Potions
 b - 2 potions of berserk rage {unknown}
 e - a potion of curing {unknown}
 g - a potion of degeneration {unknown}
 j - a potion of ambrosia {unknown}
 k - a potion of haste {unknown}


   Skills:
 - Level 2.1 Dodging
 - Level 1.5 Stealth
 + Level 3.7 Spellcasting


You couldn't memorise any spells.
You knew the following spells:

 Your Spells              Type           Power      Damage    Failure   Level
a - Foxfire               Conj/Fire      68%        2x1d7     3%          1
b - Scorch                Fire           34%        2d7       4%          2
c - Conjure Flame         Conj/Fire      17%        6-21      9%          3
d - Inner Flame           Hex/Fire       17%        N/A       9%          3
e - Flame Wave            Conj/Fire      17%        2d7       30%         4
f - Freeze                Ice            68%        1d8       3%          1
Your spell library was empty.

Dungeon Overview and Level Annotations

Branches:
Dungeon (3/15)

Altars:


Innate Abilities, Weirdness & Mutations

You are immune to sickness and miasma.
You are immune to poison.
Your flesh is very heat resistant. (rF++)
You are vulnerable to cold. (rC-)
You float through the air rather than walking.
You learn spells naturally, not from books.
Your magical power is your life essence.
You have superior vitality. (+4 MHP)


Message History

You are very lightly contaminated with residual magic.
Nothing appears to happen.
The orc shouts! x2; You hear a shout!
The orc shouts!
The foxfire hits the orc.
The orc is heavily wounded.
The foxfire hits the orc.
The orc is heavily wounded.
The orc barely misses you.
An orc priest comes into view. It is wielding a +0 hand axe.
Casting: Foxfire (safe; 3% risk of failure)
Confirm with . or Enter, or press ? or * to list all spells.
You conjure some foxfire!
The orc closely misses you.
The orc hits your foxfire with a +0 war axe!
The orc closely misses you.
Unknown command.
The foxfire hits the orc.
The orc is almost dead.
The foxfire hits the orc.
You kill the orc!
The orc hits you with a +0 flail! The orc barely misses you.
The adder barely misses you. The orc hits you with a +0 war axe.
The orc barely misses you.
You fly upwards.
There is a stone staircase leading down here.
Casting: Foxfire (safe; 3% risk of failure)
Confirm with . or Enter, or press ? or * to list all spells.
You miscast Foxfire.
Nothing appears to happen.
The adder closely misses you. The orc hits you with a +0 flail!
* * * LOW HITPOINT WARNING * * *
The orc hits you with a +0 war axe.
* * * LOW HITPOINT WARNING * * *
Okay, then.
As you read the scroll labelled SOL SO UVUMEU, it crumbles to dust.
You feel strangely unstable.
It was a scroll of teleportation.
The adder bites you.
* * * LOW HITPOINT WARNING * * *
The adder bites you.
* * * LOW HITPOINT WARNING * * *
The orc closely misses you. The orc hits you with a +0 flail.
You die...

#..........# #.##############..
#..........# #.................
#..........# ###......###.....#
#..........# #......# #.....#
#..........#### #......# #......
..............## #......###......
.....########..###...............
.....####........#......###.....#
.....#..........@o......# #######
.....#.##......So#......#########
.................######.........#
.................# #.........#
....#............# #.........#
###..............# #.........#
.................######.........#
###..............#...##.........#
.................'....'.........#


You could see an adder and 2 orcs.

Vanquished Creatures
  2 adders (D:2)
  A dart slug (D:1)
  An orc (D:3)
  2 endoplasms (D:1)
  A hobgoblin (D:2)
  6 jackals
  2 kobolds (D:1)
  A quokka (D:1)
  6 ball pythons (D:1)
  3 bats
  3 frilled lizards
  5 goblins
  2 rats (D:1)
35 creatures vanquished.

Vanquished Creatures (others)
  67 foxfires
67 creatures vanquished.

Grand Total: 102 creatures vanquished

Notes
Turn   | Place    | Note
-------+----------+-------------------------------------------
     0 | D:1      | growler the Djinni Fire Elementalist began the quest for
                  | the Orb.
     0 | D:1      | growler set off with the following spells memorised:
                  | Foxfire, Scorch, Conjure Flame, Inner Flame, Flame Wave.
     0 | D:1      | Reached XP level 1. HP: 15/15 MP: 0/0
   291 | D:1      | Reached XP level 2. HP: 18/21 MP: 0/0
   587 | D:1      | Reached skill level 3 in Spellcasting
   836 | D:1      | Reached XP level 3. HP: 22/25 MP: 0/0
   836 | D:1      | Learned a level 1 spell: Freeze
   884 | D:1      | Found a faded altar of an unknown god.
  1947 | D:2      | Reached XP level 4. HP: 29/31 MP: 0/0
  2251 | D:2      | HP: 1/31 [adder (2)]
  2251 | D:2      | Slain by an orc

Illustrated notes

Levels and vault maps discovered:
D:1:      roderic_lyre, layout_basic, hellmonk_ecumenical_altar_dog_temple
D:2:      layout_basic
D:3:      layout_basic, portal_sewer_entry_b, serial_shops, shop,
          nicolae_shop_trees, nicolae_shop_window_shopping, shop_statue

Skill      XL: |  1  2 |
---------------+-------+-----
Spellcasting   | 3 |  3.7
Dodging        | |  2.1
Stealth        | |  1.5

Action                   |  1- 3 |  4- 6 || total
-------------------------+-------+-------++-------
Melee: Rapier            |     4 |       ||     4
 Cast: Foxfire           |    42 |     2 ||    44
       Scorch            |     2 |       ||     2
  Use: Scroll            |       |     1 ||     1
 Stab: Sleeping          |     1 |       ||     1
Armor: Robe              |     4 |       ||     4
Dodge: Dodged            |    14 |     8 ||    22
